 Dungeon Crawl Stone Soup version 0.30-a0-1124-g6e8f0f562f (webtiles) character file.

Game seed: 2131976596405996915

358888 LobsterGuardian the Slayer (level 22, -25/206 (231) HPs)
             Began as a Hill Orc Berserker on Apr 23, 2023.
             Was the Champion of Trog.
             Killed from afar by a tengu reaver (64 damage)
             ... with a bolt of cold
             ... on level 4 of the Vaults.
             The game lasted 02:19:47 (51450 turns).

LobsterGuardian the Slayer (Hill Orc Berserker)    Turns: 51450, Time: 02:19:47

HP:   -25/206 (231) AC: 38    Str: 33    XL:     22   Next: 2%
MP:   22/22         EV: 13    Int:  3    God:    Trog [******]
Gold: 3735          SH: 22    Dex: 16    Spells: 21/21 levels left

rFire   + + +        E - +8 war axe (flame)
rCold   . . .        Z - +2 kite shield of Fortitude {rElec rF+ Str+3 Int-5}
rNeg    . . .        J - +4 plate armour {rC+}
rPois   .            x - +0 mask of the Dragon {Will+ Slay+3 SInv}
rElec   +            g - +3 cloak of the Vestibule of Hell {rF+}
rCorr   +            v - +0 pair of gloves {hurl}
SInv    +            T - +1 pair of boots {rampage}
Will    +++..        C - amulet of reflection Stlth
                     i - ring "Cisodgh" {Fire Will- Str+4}
HPRegen 1.54/turn    U - ring of Joevul {rCorr AC+4 SInv}
MPRegen 0.18/turn

%: reflection, rampage
@: lethally poisoned (-25 -> -25), strong-willed, on berserk cooldown,
regenerating, slowed, heavily drained, very slow
A: talons 1, agile 1, mutation resistance 1, MP-powered wands
}: 3/15 runes: barnacled, abyssal, gossamer
a: Renounce Religion, Berserk, Trog's Hand, Brothers in Arms


You were on level 4 of the Vaults.
You worshipped Trog.
Trog was exalted by your worship.
You visited 7 branches of the dungeon, and saw 36 of its levels.
You visited the Abyss 1 time.
You also visited: Ice Cave.

You collected 5026 gold pieces.
You spent 1291 gold pieces at shops.

Inventory:

Hand Weapons
 t - a +1 spectral demon trident
 E - a +8 war axe of flaming (weapon)
 W - the +8 trident of the Crafting Fox {freeze, Will+ Str+5}
   (You found it in an ice cave)

   Str:       It affects your strength (+5).
   Will:      It increases your willpower.
Missiles
 n - a throwing net
 u - 38 boomerangs (quivered)
Armour
 g - the +3 cloak of the Vestibule of Hell (worn) {rF+}
   (You found it on level 5 of the Vaults)

   rF:        It protects you from fire.
 v - a +0 pair of gloves of hurling (worn)
 x - the +0 mask of the Dragon (worn) {Will+ Slay+3 SInv}
   (You found it on level 6 of the Dungeon)

   Slay:      It affects your accuracy & damage with ranged weapons and melee
   (+3).
   SInv:      It lets you see invisible.
   Will:      It increases your willpower.
 J - a +4 plate armour of cold resistance (worn)
 T - a +1 pair of boots of rampaging (worn)
 Z - the +2 kite shield of Fortitude (worn) {rElec rF+ Str+3 Int-5}
   (You took it off Asterion on level 1 of the Vaults)

   Str:       It affects your strength (+3).
   Int:       It affects your intelligence (-5).
   rF:        It protects you from fire.
   rElec:     It insulates you from electricity.
Jewellery
 b - a +5 ring of evasion
 f - a ring of poison resistance
 i - the ring "Cisodgh" (left hand) {Fire Will- Str+4}
   (You found it on level 1 of the Vaults)

   [ring of fire]

   It enhances your fire magic.
   Str:       It affects your strength (+4).
   rF:        It protects you from fire.
   rC:        It makes you vulnerable to cold.
   Will:      It decreases your willpower.
 q - the ring of Qerchupt {Fly rF- rN+ Str-4 Dex+9}
   (You found it on level 1 of the Shoals)

   [ring of positive energy]

   Str:       It affects your strength (-4).
   Dex:       It affects your dexterity (+9).
   rF:        It makes you vulnerable to fire.
   rN:        It protects you from negative energy.
   Fly:       It grants you flight.
 C - an amulet of reflection (around neck)
 D - the ring of the Tempest {Ice Will+ rCorr}
   (You found it on level 5 of the Lair of Beasts)

   [ring of ice]

   It enhances your ice magic.
   rF:        It makes you vulnerable to fire.
   rC:        It protects you from cold.
   rCorr:     It protects you from acid and corrosion.
   Will:      It increases your willpower.
 H - a ring of protection from cold
 Q - a ring of positive energy
 U - the ring of Joevul (right hand) {rCorr AC+4 SInv}
   (You found it on level 15 of the Dungeon)

   [ring of protection]

   AC:        It affects your AC (+4).
   SInv:      It lets you see invisible.
   rCorr:     It protects you from acid and corrosion.
Wands
 r - a wand of digging (2)
 s - a wand of mindburst (25)
 w - a wand of flame (29)
 z - a wand of polymorph (14)
 A - a wand of roots (17)
 I - a wand of paralysis (23)
 X - a wand of acid (6)
Scrolls
 a - 8 scrolls of vulnerability
 h - 6 scrolls of magic mapping
 l - 12 scrolls of teleportation
 m - 3 scrolls of blinking
 p - 4 scrolls of fog
 K - 11 scrolls of fear
 P - 2 scrolls of enchant weapon
 R - a scroll of brand weapon
 V - 2 scrolls of summoning
 Y - a scroll of poison
Potions
 c - 8 potions of ambrosia
 e - 4 potions of curing
 j - 3 potions of might
 o - 3 potions of invisibility
 B - 8 potions of haste
 F - a potion of berserk rage
 G - 5 potions of mutation
 L - 4 potions of flight
 M - 4 potions of lignification
 N - a potion of resistance
 S - 3 potions of cancellation


   Skills:
 + Level 26.7 Fighting
 - Level 16.0(17.8) Axes
 - Level 11.1(14.0) Polearms
 + Level 3.7 Throwing
 + Level 22.2 Armour
 + Level 8.3 Dodging
 * Level 19.7 Shields
 + Level 0.7 Evocations


You had 21 spell levels left.
You didn't know any spells.
Your spell library contained the following spells:

 Spells                   Type           Power      Damage    Failure   Level
 Gell's Gravitas          Tloc           0%         N/A       100%        3
 Ozocubu's Armour         Ice            0%         N/A       100%        3
 Vampiric Draining        Necr           0%         2d6       100%        3


Dungeon Overview and Level Annotations

Branches:
Dungeon (15/15)            Temple (0/1) D:5            Lair (5/5) D:10
 Shoals (4/4) Lair:2       Spider (4/4) Lair:2        Slime (0/5) Lair:5
    Orc (2/2) D:10            Elf (1/3) Orc:2        Vaults (5/5) D:14
  Crypt (0/3) Vaults:2     Depths (0/4) D:15          IceCv (visited)

Altars:
Cheibriados
Gozag
Kikubaaqudgha
Okawaru
Uskayaw
Wu Jian
Xom
Yredelemnul
Beogh
Jiyva
Lugonu

Shops:
D:4 [   D:7 :   Orc:2 :[(*   Shoals:2 (

Portals:
Abyss: Lair:5

Annotations:
Shoals:2 3 runed translucent doors
Vaults:1 3 runed translucent doors
Vaults:4 2 transporters


Innate Abilities, Weirdness & Mutations

You have sharp toenails.
You are agile. (Dex +4, Str/Int -1)
You are somewhat resistant to further mutation.
You expend magic power (3 MP) to strengthen your wands.


Message History

Trog accepts your kill.
Trog appreciates your killing of a magic user.
The shadow dragon breathes negative energy at you.
The bolt of negative energy hits you!
You feel drained.
* * * LOW HITPOINT WARNING * * *
The tengu reaver hits you with a +0 long sword.
* * * LOW HITPOINT WARNING * * *
You block the tengu reaver's attack. x2; You block the shadow dragon's attack.
The shadow dragon claws you but does no damage.
You block the shadow dragon's attack. The tengu reaver casts a spell at you.
The bolt of poison hits you!!
You are poisoned.
* * * LOW HITPOINT WARNING * * *
You feel much better.
You feel extremely sick.
You block the shadow dragon's attack. x3; The tengu reaver misses you.
The tengu reaver pecks you but does no damage.
The tengu reaver claws you but does no damage.
You feel much better.
You feel very sick.
You block the shadow dragon's attack. x2
The shadow dragon claws you but does no damage.
The tengu reaver casts a spell at you. The bolt of fire misses you.
The shadow dragon breathes negative energy at you.
The bolt of negative energy hits you.
You feel drained.
* * * LOW HITPOINT WARNING * * *
The tengu reaver gestures at you while chanting.
The bolt of lightning hits you. You resist.
* * * LOW HITPOINT WARNING * * *
Unknown command.
Your skin crawls.
You feel strong-willed.
You feel very sick.
You block the shadow dragon's attack. x2
The shadow dragon claws you but does no damage.
The tengu reaver casts a spell at you. The bolt of cold hits you!!!
You die...

.# .########## .#........#
########
.#........##############......#
.'........#............#......#
.#........#............#......#
.#........#............#......#
##........#.....†).....#......#
##........'.....@......#......#
##........#....DQ......'......#
#........#[...........#......#
###########............#......#
.....(....#............#......#
..........#............########
..........'............#
..........##############
..........#


You could see a shadow dragon (catching breath) and a tengu reaver.

Vanquished Creatures
  Nikola (Vaults:2)
  A golden dragon (Vaults:5)
  Zenata (Vaults:1)
  3 tentacled monstrosities
  Jorgrun (Spider:3)
  Asterion (Vaults:1)
  A quicksilver dragon (Vaults:5)
  2 titans
  4 tentacled starspawn (Abyss:4)
  2 krakens
  Frances (Elf:1)
  Polyphemus (Shoals:2)
  2 shadow dragons
  2 sphinxes
  2 tengu reavers
  Donald (Shoals:4)
  A draconian monk (Abyss:4)
  A storm dragon (Vaults:5)
  A frost giant (Vaults:4)
  4 fire giants
  A deep elf sorcerer (Vaults:2)
  10 vault wardens
  An emperor scorpion (Spider:2)
  2 ghost moths (Spider:4)
  2 stone giants (Vaults:4)
  2 war gargoyles (Vaults:5)
  2 orc warlords
  18 ironbound preservers
  11 very ugly things
  12 ironbound thunderhulks
  2 deep elf demonologists (Vaults:4)
  2 spark wasps (Spider:1)
  11 dire elephants
  A deep elf annihilator (Elf:1)
  A deep elf death mage (Vaults:5)
  4 ettins
  2 crystal guardians
  4 merfolk javelineers
  A fire dragon (D:15)
  12 merfolk impalers (Shoals:4)
  8 great orbs of eyes
  Fannar (Orc:1)
  6 entropy weavers
  2 peacekeepers (Vaults:4)
  11 yaktaur captains
  9 hydras
  18 centaur warriors
  27 vault guards
  4 radroaches
  2 merfolk avatars
  The ghost of Jeffwins the Cutter, a journeyman HuWn of Vehumet (D:10)
  3 ogre magi
  3 merfolk aquamancers
  A jorogumo (Spider:4)
  8 ironbound frosthearts
  6 boulder beetles
  An anaconda (shapeshifter) (D:15)
  5 catoblepae
  2 dancing weapons (Elf:1)
  A death scarab (Spider:3)
  A tengu warrior (D:15)
  8 two-headed ogres
  5 death yaks
  A hell hog (Abyss:4)
  6 thrashing horrors
  Nergalle (D:12)
  6 pharaoh ants
  7 skysharks
  5 wretched stars (Abyss:4)
  2 fire crabs (Lair:5)
  11 sea snakes
  3 large abominations
  2 orb spiders
  A swamp dragon (shapeshifter) (Vaults:5)
  8 orc knights
  16 harpies
  44 deep trolls
  4 steelbarb worms
  18 ironbound convokers
  5 deep elf zephyrmancers
  3 necromancers
  14 lindwurms
  2 deep elf archers
  7 wizards
  9 deep elf pyromancers
  13 wolf spiders
  39 ugly things
  5 orc sorcerers (Orc:2)
  2 fauns (Shoals:2)
  2 cyclopes
  9 manticores
  7 moths of wrath
  9 elephants
  10 vault sentinels
  2 ice statues (IceCv)
  6 black mambas
  9 merfolk sirens
  7 water nymphs
  A guardian serpent (shapeshifter) (Lair:5)
  5 demonic crawlers
  3 smoke demons
  3 torpor snails
  2 gargoyles
  12 cane toads
  5 rime drakes
  22 yaktaurs
  14 komodo dragons
  3 ancient zymes (Lair:5)
  An efreet (D:15)
  2 freezing wraiths (Vaults:4)
  29 merfolk
  A hornet (Spider:1)
  5 wind drakes
  3 trolls
  3 meliai (Spider:1)
  A hornet (shapeshifter) (Lair:5)
  4 raiju (Abyss:4)
  31 blink frogs
  13 snapping turtles
  20 tarantellas
  A dream sheep (Lair:1)
  19 jumping spiders
  Sigmund (D:5)
  17 culicivoras
  48 slime creatures
  A yak (shapeshifter) (D:13)
  10 water elementals
  A spriggan (Lair:5)
  A centaur simulacrum (D:10)
  3 ynoxinuls
  2 vampires
  2 wraiths
  4 wyverns
  An elf zombie (Vaults:4)
  3 hogs (Shoals:2)
  5 basilisks
  23 yaks
  A chaos spawn (Lair:5)
  A fire elemental (Elf:1)
  47 redbacks
  A steam dragon (D:10)
  10 vampire mosquitoes
  A death yak simulacrum (IceCv)
  6 small abominations (Lair:5)
  A warg (Orc:2)
  20 water moccasins
  2 acid dragons
  A floating eye (shapeshifter) (Vaults:4)
  An ice beast (D:7)
  26 orc warriors
  8 black bears
  3 boggarts (Vaults:1)
  9 ogres
  23 wolves
  6 centaurs
  The ghost of crux the Insei, an amateur OpTm (D:3)
  2 phantoms
  4 kobold brigands
  18 bullfrogs
  2 human skeletons (Vaults:4)
  3 scorpions
  19 wights
  2 elephant simulacra (IceCv)
  5 killer bees (D:8)
  2 jellies
  3 howler monkeys
  6 hounds
  18 orc priests
  Crazy Yiuf (D:5)
  A gnoll bouda (D:4)
  14 starcursed masses (Abyss:4)
  4 iguanas
  24 orc wizards
  A sleepcap (D:5)
  2 wolf simulacra (IceCv)
  7 adders
  9 gnolls
  2 shadow imps
  2 white imps
  An ufetubus (D:4)
  4 worms
  2 dart slugs
  96 orcs
  5 ball pythons
  6 bats
  7 endoplasms
  6 giant cockroaches
  9 goblins
  5 hobgoblins
  11 jackals
  24 kobolds
  4 quokkas
  3 frilled lizards
  4 rats
  4 tentacles
1397 creatures vanquished.

Vanquished Creatures (collateral kills)
  Arachne (Spider:3)
  An emperor scorpion (Spider:4)
  A ghost moth (Spider:4)
  2 hydras
  A merfolk avatar (Shoals:4)
  2 radroaches
  An alligator snapping turtle (Shoals:4)
  An orc high priest (Orc:2)
  An orc knight (Orc:2)
  A wolf spider (Spider:4)
  An orc sorcerer (Orc:2)
  A demonic crawler (Spider:4)
  A merfolk (Shoals:4)
  A troll (D:10)
  A hornet (D:10)
  2 jumping spiders (Spider:4)
  A small abomination (Lair:5)
  A culicivora (Spider:4)
  A basilisk (Lair:5)
  2 redbacks (Spider:4)
  9 orc warriors
  An orc priest (Orc:2)
  2 orc wizards (Orc:2)
  2 orcs (D:10)
38 creatures vanquished.

Vanquished Creatures (others)
  Kirke (Shoals:2)
  A manticore (Shoals:3)
  A snapping turtle (Shoals:4)
  A human (Shoals:2)
  An orc priest (D:14)
  An orc wizard (D:14)
  37 fungi
  75 plants
  12 starspawn tentacles (Abyss:4)
  4 tentacles
134 creatures vanquished.

Grand Total: 1569 creatures vanquished

Notes
Turn   | Place    | Note
-------+----------+-------------------------------------------
     0 | D:1      | LobsterGuardian the Hill Orc Berserker began the quest for
                  | the Orb.
     0 | D:1      | Reached XP level 1. HP: 19/19 MP: 1/1
   145 | D:1      | Reached XP level 2. HP: 22/27 MP: 2/2
   228 | D:1      | Found a faded altar of an unknown god.
   512 | D:1      | Reached skill level 5 in Axes
   520 | D:1      | Reached skill level 4 in Fighting
   561 | D:1      | Reached XP level 3. HP: 30/33 MP: 3/3
  1054 | D:2      | Reached ** piety under Trog
  1122 | D:2      | Identified the +4 hand axe "Geif" {venom, Dex+4}
  1625 | D:3      | Reached XP level 4. HP: 40/40 MP: 4/4
  1835 | D:3      | Found a runed translucent door.
  1835 | D:3      | Noticed a bullfrog
  1837 | D:3      | Noticed crux's ghost (amateur OpTm)
  1931 | D:3      | Found a runed translucent door.
  2080 | D:3      | Found an ancient bone altar of Kikubaaqudgha.
  2511 | D:4      | Reached XP level 5. HP: 39/47 MP: 5/5
  2518 | D:4      | Reached skill level 5 in Fighting
  2581 | D:4      | Reached XP level 6. HP: 23/56 MP: 6/6
  2715 | D:4      | Noticed a black bear
  2723 | D:4      | Killed a black bear
  2797 | D:4      | Reached *** piety under Trog
  2934 | D:4      | Reached skill level 6 in Fighting
  3054 | D:4      | Found Heptetzu's Armour Boutique.
  3116 | D:4      | Noticed a water moccasin
  3123 | D:4      | Killed a water moccasin
  3124 | D:4      | Reached XP level 7. HP: 64/64 MP: 7/7
  3441 | D:4      | Gained mutation: You are dopey. (Int -2) [potion of
                  | mutation]
  3441 | D:4      | Gained mutation: You are robust. (+10% HP) [potion of
                  | mutation]
  3441 | D:4      | Gained mutation: You do not regenerate when monsters are
                  | visible. [potion of mutation]
  3442 | D:4      | Lost mutation: You are dopey. (Int -2) [potion of mutation]
  3442 | D:4      | Lost mutation: You are robust. (+10% HP) [potion of
                  | mutation]
  3442 | D:4      | Gained mutation: You have a somewhat thin skeletal
                  | structure. (Dex +2, Stealth+) [potion of mutation]
  3458 | D:5      | Entered Level 5 of the Dungeon
  3608 | D:5      | Lost mutation: You do not regenerate when monsters are
                  | visible. [potion of mutation]
  3608 | D:5      | Lost mutation: You have a somewhat thin skeletal structure.
                  | (Dex +2, Stealth+) [potion of mutation]
  3608 | D:5      | Gained mutation: A frigid envelope surrounds you and
                  | freezes all who hurt you. [potion of mutation]
  3608 | D:5      | Gained mutation: You are occasionally teleported next to
                  | monsters. [potion of mutation]
  3616 | D:5      | Reached skill level 7 in Fighting
  3772 | D:5      | Reached XP level 8. HP: 73/73 MP: 8/8
  3929 | D:5      | Noticed Sigmund
  3948 | D:5      | Killed Sigmund
  3949 | D:5      | Reached skill level 10 in Axes
  4091 | D:5      | Found an iron altar of Okawaru.
  4107 | D:5      | Found a staircase to the Ecumenical Temple.
  4196 | D:5      | Found a runed translucent door.
  4197 | D:5      | Noticed Crazy Yiuf
  4278 | D:5      | Killed Crazy Yiuf
  4320 | D:6      | Found the +0 mask of the Dragon {Will+ Slay+3 SInv}
  4418 | D:6      | Identified the +1 flail "Ymenescheonk" {pain, rC+}
  4476 | D:6      | Found a snail-covered altar of Cheibriados.
  4699 | D:6      | Reached skill level 8 in Fighting
  4756 | D:6      | Found an ornate altar of the Wu Jian Council.
  4862 | D:6      | Reached XP level 9. HP: 81/81 MP: 9/9
  5037 | D:7      | Reached **** piety under Trog
  5321 | D:7      | Found Gainof's Self-Improvement Boutique.
  5334 | D:7      | Found a hide-covered altar of Uskayaw.
  5340 | D:7      | Found a shimmering altar of Xom.
  6312 | D:8      | Reached skill level 9 in Fighting
  6627 | D:8      | Reached skill level 5 in Dodging
  7046 | D:9      | Noticed a two-headed ogre
  7055 | D:9      | Killed a two-headed ogre
  7056 | D:9      | Reached XP level 10. HP: 33/91 MP: 10/10
  7329 | D:9      | Reached skill level 5 in Armour
  7860 | D:9      | Reached skill level 10 in Fighting
  8242 | D:10     | Entered Level 10 of the Dungeon
  8394 | D:10     | Found a roughly hewn altar of Beogh.
  8406 | D:10     | Reached skill level 15 in Axes
  8522 | D:10     | Lost mutation: A frigid envelope surrounds you and freezes
                  | all who hurt you. [potion of mutation]
  8522 | D:10     | Lost mutation: You are occasionally teleported next to
                  | monsters. [potion of mutation]
  8522 | D:10     | Gained mutation: You have a pair of small horns on your
                  | head. [potion of mutation]
  8522 | D:10     | Gained mutation: You expend magic power (3 MP) to
                  | strengthen your wands. [potion of mutation]
  8522 | D:10     | Gained mutation: Your mind is acute. (Int +4, Str/Dex -1)
                  | [potion of mutation]
  8531 | D:10     | Noticed a gargoyle
  8536 | D:10     | Killed a gargoyle
  8683 | D:10     | Reached XP level 11. HP: 101/101 MP: 11/11
  8715 | D:10     | Reached skill level 11 in Fighting
  9179 | D:10     | Found a staircase to the Lair.
  9210 | D:10     | Found a runed translucent gate.
  9210 | D:10     | Found a runed translucent gate.
  9210 | D:10     | Found a runed translucent gate.
  9211 | D:10     | Found an opulent altar of Gozag.
  9214 | D:10     | Noticed a seven-headed hydra
  9214 | D:10     | Noticed a boulder beetle
  9269 | D:10     | Reached skill level 12 in Fighting
  9501 | D:10     | Found a staircase to the Orcish Mines.
  9569 | D:10     | Noticed Jeffwins's ghost (journeyman HuWn)
  9625 | D:11     | Noticed a red ugly thing
  9636 | D:11     | Killed a red ugly thing
 10077 | D:11     | Noticed a boulder beetle
 10096 | D:11     | Killed a boulder beetle
 10100 | D:11     | Identified the +6 mace "Ixaukoen" {speed, Int+2}
 10348 | D:11     | Noticed a two-headed ogre
 10356 | D:11     | Killed a two-headed ogre
 10357 | D:11     | Reached skill level 13 in Fighting
 10487 | D:12     | Noticed Nergalle
 10489 | D:12     | Noticed a red ugly thing
 10496 | D:12     | Noticed a spectral orc warlord
 10504 | D:12     | Killed Nergalle
 10508 | D:12     | Killed a red ugly thing
 10509 | D:12     | Reached XP level 12. HP: 104/116 MP: 12/12
 10812 | D:12     | Reached skill level 14 in Fighting
 11339 | D:12     | Found an ancient bone altar of Kikubaaqudgha.
 11525 | D:13     | Noticed a four-headed hydra
 11534 | D:13     | Killed an eight-headed hydra
 11612 | D:13     | Noticed a centaur warrior
 11618 | D:13     | Killed a centaur warrior
 11619 | D:13     | Reached skill level 15 in Fighting
 11730 | D:13     | Noticed a two-headed ogre
 11737 | D:13     | Killed a two-headed ogre
 12128 | D:13     | Noticed a boulder beetle
 12128 | D:13     | Noticed a centaur warrior
 12138 | D:13     | Killed a centaur warrior
 12142 | D:13     | Killed a boulder beetle
 12623 | D:14     | Noticed a four-headed hydra
 12633 | D:14     | Killed a nine-headed hydra
 12734 | D:14     | Noticed an eight-headed hydra
 12743 | D:14     | Killed a 13-headed hydra
 12744 | D:14     | Reached skill level 16 in Fighting
 12815 | D:14     | Noticed a centaur warrior
 12826 | D:14     | Killed a centaur warrior
 12827 | D:14     | Reached XP level 13. HP: 118/129 MP: 13/13
 13368 | D:14     | Reached skill level 10 in Armour
 13538 | D:14     | Reached skill level 17 in Fighting
 14224 | D:14     | Found a gate to the Vaults.
 14629 | Lair:1   | Entered Level 1 of the Lair of Beasts
 14638 | Lair:1   | Identified the staff of cold "Diliz" {*Corrode rC+ Int+2
                  | Dex+6}
 15094 | Lair:1   | Reached skill level 18 in Fighting
 15866 | Lair:2   | Reached XP level 14. HP: 136/144 MP: 14/14
 15882 | Lair:2   | Found a hole to the Spider Nest.
 16407 | Lair:2   | Found a staircase to the Shoals.
 16420 | Lair:2   | Reached ***** piety under Trog
 16941 | Lair:3   | Reached skill level 19 in Fighting
 17097 | Lair:3   | Upgraded the game from 0.30-a0-1123-gabc949cf19 to
                  | 0.30-a0-1124-g6e8f0f562f
 18993 | Lair:5   | Entered Level 5 of the Lair of Beasts
 19424 | Lair:5   | Reached skill level 1 in Shields
 19563 | Lair:5   | Reached skill level 20 in Fighting
 19866 | Lair:5   | Reached XP level 15. HP: 152/155 MP: 15/15
 20086 | Lair:5   | Found a staircase to the Slime Pits.
 20088 | Lair:5   | Found a viscous altar of Jiyva.
 20310 | Lair:5   | Identified the ring of the Tempest {Ice Will+ rCorr}
 20398 | Lair:5   | Identified the ring "Quzuv" {rC+ Int+6 Stlth+}
 20557 | Lair:5   | Reached skill level 15 in Armour
 21306 | Lair:5   | Found a corrupted altar of Lugonu.
 21306 | Lair:5   | Found a one-way gate to the infinite horrors of the Abyss.
 21853 | D:15     | Entered Level 15 of the Dungeon
 22588 | D:15     | Noticed a tengu reaver
 22599 | D:15     | Killed a tengu reaver
 22610 | D:15     | Identified the ring of Joevul {rCorr AC+4 SInv}
 23017 | D:15     | Found a staircase to the Depths.
 23136 | D:15     | Paralysed by an ogre mage for 2 turns
 23148 | D:15     | Received a gift from Trog
 23150 | D:15     | Reached skill level 5 in Shields
 23551 | Orc:1    | Entered Level 1 of the Orcish Mines
 23554 | Orc:1    | Noticed Fannar
 23571 | Orc:1    | Killed Fannar
 23897 | Orc:1    | Identified a scroll of acquirement
 23897 | Orc:1    | Acquired 1052 gold pieces
 23917 | Orc:2    | Entered Level 2 of the Orcish Mines
 23937 | Orc:2    | Found a frozen archway.
 23957 | IceCv    | Entered an ice cave
 23996 | IceCv    | Found a transporter.
 24006 | IceCv    | Found a transporter.
 24049 | IceCv    | Identified the +8 trident of the Crafting Fox {freeze,
                  | Will+ Str+5}
 24208 | Orc:2    | Noticed an orc warlord
 24227 | Orc:2    | Killed an orc warlord
 24235 | Orc:2    | Reached skill level 1 in Polearms
 24274 | Orc:2    | Reached XP level 16. HP: 151/165 MP: 16/16
 24295 | Orc:2    | Found a roughly hewn altar of Beogh.
 24565 | Orc:1    | Received a gift from Trog
 25141 | Orc:2    | Found a staircase to the Elven Halls.
 25198 | Orc:2    | Found Poshruca's Antique Armour Emporium.
 25214 | Orc:2    | Found Nofif's General Store.
 25230 | Orc:2    | Found Mamashre's Antique Weapon Emporium.
 25246 | Orc:2    | Found Adgheciss's Book Emporium.
 25414 | Orc:2    | Bought a masterwork ring mail for 306 gold pieces
 25414 | Orc:2    | Identified the +0 ring mail of Ynlyi {rCorr Stlth+} (You
                  | bought it in a shop on level 2 of the Orcish Mines)
 25548 | Spider:1 | Entered Level 1 of the Spider Nest
 26199 | Spider:1 | Reached skill level 5 in Polearms
 26220 | Spider:1 | Reached skill level 21 in Fighting
 26341 | Spider:1 | Received a gift from Trog
 29247 | Spider:3 | Noticed Jorgrun
 29261 | Spider:3 | Killed Jorgrun
 29262 | Spider:3 | Reached skill level 10 in Polearms
 29314 | Spider:3 | Noticed Arachne
 29331 | Spider:3 | Reached ****** piety under Trog
 29344 | Spider:3 | Killed Arachne
 29354 | Spider:3 | Gained mutation: Your body sometimes deteriorates upon
                  | taking damage. [mutagenic glow]
 30105 | Spider:3 | Reached XP level 17. HP: 173/173 MP: 17/17
 30501 | Spider:4 | Entered Level 4 of the Spider Nest
 30528 | Spider:4 | Received a gift from Trog
 31528 | Spider:4 | Got a gossamer rune of Zot
 31623 | Spider:4 | Reached skill level 22 in Fighting
 32082 | Shoals:1 | Entered Level 1 of the Shoals
 32260 | Shoals:1 | Identified the ring of Qerchupt {Fly rF- rN+ Str-4 Dex+9}
 32584 | Shoals:1 | Identified the +9 sling of Nosowur {freeze, MP+9}
 33640 | Shoals:2 | Noticed Kirke
 33651 | Shoals:2 | Killed Kirke
 34277 | D:7      | Bought a manual of Armour for 880 gold pieces
 34412 | Orc:2    | Bought a scroll of enchant weapon for 105 gold pieces
 34620 | Shoals:2 | Found a runed translucent gate.
 34624 | Shoals:2 | Found a runed translucent gate.
 34633 | Shoals:2 | Found a runed translucent gate.
 35047 | D:3      | Killed crux's ghost
 35225 | D:10     | Killed Jeffwins's ghost
 35225 | D:10     | Received a gift from Trog
 35864 | Shoals:2 | Found Liab's Weapon Boutique.
 35977 | Shoals:2 | Noticed Polyphemus
 35995 | Shoals:2 | Killed Polyphemus
 35996 | Shoals:2 | Reached skill level 23 in Fighting
 36365 | Shoals:3 | Noticed a kraken
 36375 | Shoals:3 | Killed a kraken
 36505 | Shoals:3 | Reached XP level 18. HP: 187/188 MP: 18/18
 36889 | Shoals:3 | Reached skill level 1 in Throwing
 37482 | Shoals:4 | Entered Level 4 of the Shoals
 37482 | Shoals:4 | Noticed Donald
 37494 | Shoals:4 | Killed Donald
 38479 | Shoals:4 | Received a gift from Trog
 38493 | Shoals:4 | Identified the +7 sling "Lewuhoji" {heavy, rF+ Str+3}
 38561 | Shoals:4 | Reached skill level 10 in Shields
 39332 | Shoals:4 | Got a barnacled rune of Zot
 40285 | Elf:1    | Entered Level 1 of the Elven Halls
 40285 | Elf:1    | Noticed Frances
 40297 | Elf:1    | Killed Frances
 41061 | Vaults:1 | Entered Level 1 of the Vaults
 41191 | Vaults:1 | Got Performing Successful Thaumaturgy
 41534 | Vaults:1 | Reached XP level 19. HP: 113/198 MP: 19/19
 41728 | Vaults:1 | Reached skill level 24 in Fighting
 41902 | Vaults:1 | Found a runed translucent gate.
 41902 | Vaults:1 | Found a runed translucent gate.
 41903 | Vaults:1 | Found a runed translucent gate.
 41903 | Vaults:1 | Noticed a tentacled monstrosity
 41904 | Vaults:1 | Noticed a tentacled monstrosity
 41904 | Vaults:1 | Noticed a tentacled monstrosity
 42157 | Vaults:1 | Identified the +2 kite shield of Fortitude {rElec rF+ Str+3
                  | Int-5}
 42157 | Vaults:1 | Noticed Asterion
 42177 | Vaults:1 | Killed Asterion
 42350 | Vaults:1 | Noticed Zenata
 42359 | Abyss:4  | Found a corrupted altar of Lugonu.
 42359 | Abyss:4  | Cast into level 4 of the Abyss (+2 flail of distortion)
 42432 | Abyss:4  | Found a corrupted altar of Lugonu.
 42572 | Abyss:4  | Paralysed by accursed screaming for 1 turns
 42596 | Abyss:4  | Got an abyssal rune of Zot
 42637 | Vaults:1 | Escaped the Abyss
 42826 | Vaults:1 | Received a gift from Trog
 43087 | Vaults:1 | Identified the ring "Cisodgh" {Fire Will- Str+4}
 43335 | Vaults:1 | Killed a tentacled monstrosity
 43336 | Vaults:1 | Killed a tentacled monstrosity
 44744 | Vaults:1 | Killed Zenata
 45469 | Vaults:2 | Received a gift from Trog
 45487 | Vaults:2 | Reached XP level 20. HP: 156/209 MP: 20/20
 46076 | Vaults:2 | Noticed Nikola
 46086 | Vaults:2 | Killed Nikola
 46087 | Vaults:2 | Reached skill level 25 in Fighting
 46398 | Vaults:2 | Found a staircase to the Crypt.
 46398 | Vaults:2 | Found an ancient bone altar of Kikubaaqudgha.
 46398 | Vaults:2 | Found a basalt altar of Yredelemnul.
 46553 | Vaults:2 | Reached skill level 15 in Shields
 46956 | Vaults:2 | Lost mutation: Your body sometimes deteriorates upon taking
                  | damage. [potion of mutation]
 46956 | Vaults:2 | Lost mutation: You have a pair of small horns on your head.
                  | [potion of mutation]
 46956 | Vaults:2 | Lost mutation: Your mind is acute. (Int +4, Str/Dex -1)
                  | [potion of mutation]
 46956 | Vaults:2 | Gained mutation: Your magical capacity is low. (-10% MP)
                  | [potion of mutation]
 46956 | Vaults:2 | Gained mutation: You are agile. (Dex +4, Str/Int -1)
                  | [potion of mutation]
 46956 | Vaults:2 | Gained mutation: Your spells are a little easier to cast,
                  | but a little less powerful. [potion of mutation]
 46956 | Vaults:2 | Gained mutation: You are partially covered in iridescent
                  | scales. (AC +2) [potion of mutation]
 46957 | Vaults:2 | Lost mutation: Your magical capacity is low. (-10% MP)
                  | [potion of mutation]
 46957 | Vaults:2 | Lost mutation: Your spells are a little easier to cast, but
                  | a little less powerful. [potion of mutation]
 46957 | Vaults:2 | Lost mutation: You are partially covered in iridescent
                  | scales. (AC +2) [potion of mutation]
 46957 | Vaults:2 | Gained mutation: You are somewhat resistant to further
                  | mutation. [potion of mutation]
 46957 | Vaults:2 | Gained mutation: You have sharp toenails. [potion of
                  | mutation]
 47045 | Vaults:3 | Identified the +6 spear of Ashenzari's Approval {elec,
                  | Str+3}
 47152 | Vaults:3 | Received a gift from Trog
 48899 | Vaults:4 | Reached XP level 21. HP: 140/220 MP: 21/21
 48918 | Vaults:4 | Received a gift from Trog
 49631 | Vaults:4 | Reached skill level 26 in Fighting
 50306 | Vaults:4 | Identified the +6 war axe of Yjigrutz {flame, rN+} (Trog
                  | gifted it to you on level 4 of the Vaults)
 50306 | Vaults:4 | Received a gift from Trog
 50482 | Vaults:4 | Found a transporter.
 50521 | Vaults:4 | Found a transporter.
 50648 | Vaults:5 | Entered Level 5 of the Vaults
 50893 | Vaults:5 | Identified the +3 cloak of the Vestibule of Hell {rF+}
 51073 | Vaults:5 | Paralysed by a floating eye for 2 turns
 51279 | Vaults:5 | Noticed a golden dragon
 51280 | Vaults:5 | Paralysed by a floating eye for 2 turns
 51356 | Vaults:5 | Received a gift from Trog
 51357 | Vaults:5 | Killed a golden dragon
 51432 | Vaults:5 | Paralysed by a sphinx for 5 turns
 51443 | Vaults:5 | Reached XP level 22. HP: 74/207 MP: 22/22
 51447 | Vaults:4 | HP: 2/202 [tengu reaver/bolt of poison (18)]
 51450 | Vaults:4 | Killed from afar by a tengu reaver

Illustrated notes

Levels and vault maps discovered:
D:1:      dpeg_arrival_stone_temple_mockup, layout_loops_ring,
          ebering_ecumenical_altar_sacrificial
D:2:      layout_loops_ring
D:3:      layout_loops_cross, mainiacjoe_overflow_alcove_1,
          ebering_ghost_sewer_f
D:4:      layout_basic, serial_shops, nicolae_shop_crystal,
          minmay_fractal_squares_diagonal_5
D:5:      layout_rooms, nicolae_overflow_hidden_temple,
          minmay_temple_entry_enclosed_plants, uniq_sigmund,
          uniq_crazy_yiuf_cottage
D:6:      layout_cave_pools, cheibrodos_worm_habitat,
          nicolae_wu_jian_wuxing_cycle
D:7:      layout_cave_pods, mainiacjoe_overflow_large_starburst,
          grunt_ministairs_12, nicolae_shop_self_help
D:8:      layout_basic, sigmund_army
D:9:      layout_roguey, dreamdust_wishing_well
D:10:     layout_rooms, grunt_lair_entry_orc_guard_hut, david_orc_4,
          special_room [special_room_orc], ebering_ghost_gozag
D:11:     layout_cave_pools
D:12:     layout_rooms, lemuel_zombie_altar_kikubaaqudgha, uniq_nergalle
D:13:     layout_small_grid, kennysheep_generic_room_6
D:14:     layout_basic, hangedman_vaults_entry_quadrant_bands,
          small_statue_intersection, serial_glass, glass_columns_a,
          glass_columns_a, glass_columns_c, glass_columns_a, glass_columns_c,
          glass_columns_c
D:15:     hangedman_depths_entry_civil_slaughter, layout_stronghold,
          minmay_misc_feat_plants, minmay_radiant
Lair:1:   layout_long_grid, hangedman_lair_generics_rect, grunt_megastairs_3
Lair:2:   layout_cave_pods, minmay_shoals_entry_lonely_mermaid,
          spider_nest_entry_web_field, st_stairs_3
Lair:3:   layout_long_grid, beast_lair_carwin_10
Lair:4:   layout_loops_ring
Lair:5:   hellmonk_lair_end_abyssal_woods, layout_layer_cave,
          dpeg_slime_entry_corner, chequers_serial_rivers_micro_e,
          grunt_megastairs_1
Shoals:1: layout_shoals
Shoals:2: layout_shoals, serial_shops, nicolae_shop_real_fake_doors,
          nicolae_shoals_beach_cooler, uniq_polyphemus, uniq_kirke
Shoals:3: layout_shoals
Shoals:4: shoals_end_simple, layout_shoals, uniq_donald
Spider:1: layout_spider_delve, nicolae_spider_paper_wasps,
          hangedman_spider_tarantella_strand
Spider:2: layout_spider_delve, nicolae_spider_checkerboard
Spider:3: layout_chambers, nicolae_spider_cling_halls, uniq_jorgrun,
          uniq_arachne
Spider:4: grunt_spider_rune_parallel, nicolae_spider_baby_got_redback
Orc:1:    layout_caves, uniq_fannar
Orc:2:    grunt_orc_cross, layout_caves, portal_ice_cave_rime
Elf:1:    layout_loops_cross, serial_shops, shop, minmay_elf_annihilation,
          minmay_checkered_concentric_circles, uniq_frances, uniq_aizul,
          uniq_azrael, uniq_agnes
Vaults:1: ploomutoo_gammafunk_ghost_potion_laboratory, vaults_room_door_hall,
          ontoclasm_vaults_claustrophobia, v_misc_18, nicolae_vaults_rhombus_6,
          v_misc_1, nicolae_vaults_specimen_jars, hangedman_vaults_capsules,
          nicolae_vaults_network_periphery, v_pattern_1,
          ontoclasm_vaults_ring_large, vaults_room_pools,
          nicolae_vaults_asterisk, vaults_mumra_chevron_long,
          nicolae_vaults_little_squares_3, v_misc_23, layout_vaults_omnicross,
          uniq_asterion, uniq_zenata
Vaults:2: nicolae_vaults_octagons, nicolae_vaults_network_s,
          minmay_crypt_entry_necro_gods, ontoclasm_vaults_pinch,
          vaults_room_octagon, v_misc_8, grunt_vaults_trifunnel,
          ontoclasm_vaults_chip, v_alt_pattern_6, nicolae_vaults_alarming,
          vaults_dpeg_hooks, nicolae_vaults_yaktaur_gun_rack,
          layout_vaults_ring, uniq_nikola
Vaults:3: vaults_dpeg_diagonal, v_rooms_4, grunt_vaults_twisty,
          vaults_room_door_hall, st_more_cells, vaults_dpeg_ring,
          layout_vaults_omnigrid
Vaults:4: gammafunk_its_a_trap, v_misc_13,
          vaults_standard_mumra_enter_the_diamond, dpeg_vaults_monster_row,
          nicolae_vaults_disjoint_gnomons, hangedman_vaults_snaps,
          nicolae_vaults_what_the_h, v_misc_22, hangedman_vaults_slice,
          ontoclasm_vaults_shuriken, ontoclasm_vaults_loading_screen,
          ontoclasm_vaults_idyll, layout_vaults_maze
Vaults:5

Skill      XL: |  1  2  3  4  5  6  7  8  9 10 11 12 13 14 15 16 17 18 19 20 21 |
---------------+----------------------------------------------------------------+-----
Axes           | 5 6 8 9 11 13 15 16 | 16.0
Fighting       | 4 5 6 7 8 9 10 13 16 18 20 21 23 24 25 26 | 26.7
Dodging        | 2 4 5 6 7 8 |  8.3
Armour         | 4 5 8 11 14 16 17 18 20 21 22 | 22.2
Shields        | 1 5 6 9 10 14 17 19 | 19.7
Polearms       | 2 11 | 11.1
Throwing       | 3 |  3.7
Evocations     | |  0.7

Action                     |  1- 3 |  4- 6 |  7- 9 | 10-12 | 13-15 | 16-18 | 19-21 | 22-24 || total
---------------------------+-------+-------+-------+-------+-------+-------+-------+-------++-------
  Melee: Hand axe          |    87 |    82 |   231 |   422 |   982 |    12 |       |       ||  1816
         Punch             |       |       |     2 |     6 |     9 |       |       |       ||    17
         Headbutt          |       |       |       |    94 |   272 |   317 |   165 |       ||   848
         Trident           |       |       |       |       |    63 |  1290 |   565 |       ||  1918
         War axe           |       |       |       |       |       |   208 |   709 |     3 ||   920
  Throw: Boomerang         |       |       |       |       |       |    66 |       |       ||    66
 Invoke: Berserk           |     1 |     5 |    10 |    17 |    20 |    15 |    16 |       ||    84
         Brothers in Arms  |       |       |       |     4 |     3 |     4 |       |       ||    11
         Trog's Hand       |       |       |       |     1 |     2 |     1 |     1 |     1 ||     6
  Evoke: Wand              |       |       |       |     6 |     1 |     4 |     2 |       ||    13
         Piece from Xom's  |       |       |       |       |       |     1 |       |       ||     1
    Use: Scroll            |     2 |     3 |     9 |     6 |    13 |    11 |     8 |       ||    52
         Potion            |       |       |     3 |     4 |     7 |     3 |    12 |     2 ||    31
   Stab: Sleeping          |       |     2 |     3 |       |       |       |       |       ||     5
         Paralysed         |       |       |       |     5 |       |       |       |       ||     5
         Petrified         |       |       |       |       |     3 |       |       |       ||     3
         Invisible         |       |       |       |       |    10 |       |       |       ||    10
 Armour: Animal skin       |    14 |     9 |    28 |    21 |       |       |       |       ||    72
         Plate armour      |       |       |       |    67 |   421 |   662 |   414 |    10 ||  1574
  Dodge: Dodged            |    52 |    57 |   137 |   165 |   396 |   486 |   287 |     3 ||  1583
  Block: Other             |       |       |     2 |    56 |    71 |       |       |       ||   129
         Reflection        |       |       |       |     3 |    10 |    33 |    40 |       ||    86
         Buckler           |       |       |       |       |   219 |   675 |    39 |       ||   933
         Kite shield       |       |       |       |       |       |       |   721 |    13 ||   734

Table legend: (Time is in decaauts)
 A = Elapsed time spent in this place.
 B = Non-inter-level travel time spent in this place.
 C = Inter-level travel time spent in this place.
 D = Time resting spent in this place.
 E = Time spent auto-exploring this place.
 F = Levels seen in this place.
 G = Mean time per level.
                   A        B        C        D        E       F      G
               +--------+--------+--------+--------+--------+-----+--------+
         Total |  50938 |  47164 |   3774 |   3959 |  36152 |  38 | 1340.5 |
       Dungeon |  17659 |  15794 |   1865 |   1243 |  12442 |  15 | 1177.3 |
          Lair |   7642 |   6746 |    896 |    566 |   5187 |   5 | 1528.4 |
        Shoals |   6918 |   6621 |    297 |    238 |   5470 |   4 | 1729.5 |
   Spider Nest |   6388 |   6131 |    257 |    514 |   4702 |   4 | 1597.0 |
  Orcish Mines |   2070 |   1835 |    235 |     42 |   1467 |   2 | 1035.0 |
   Elven Halls |    307 |    296 |     11 |      0 |    214 |   1 |  307.0 |
        Vaults |   9503 |   9293 |    210 |   1285 |   6515 |   5 | 1900.6 |
         Abyss |    243 |    243 |      0 |     69 |     19 |   1 |  243.0 |
      Ice Cave |    205 |    205 |      0 |      0 |    134 |   1 |  205.0 |
               +--------+--------+--------+--------+--------+-----+--------+

Top non-repeatable levels by time:
Vaults:1: 3118 daAuts
  Lair:5: 2666 daAuts
Vaults:4: 2519 daAuts
    D:14: 2416 daAuts
Vaults:2: 2232 daAuts
Shoals:4: 2167 daAuts
    D:10: 2104 daAuts
Spider:1: 1969 daAuts
Shoals:1: 1725 daAuts
  Lair:2: 1617 daAuts
Spider:2: 1590 daAuts
Shoals:2: 1583 daAuts
Vaults:3: 1541 daAuts
   Orc:2: 1462 daAuts
Shoals:3: 1441 daAuts
